 Dungeon Crawl Stone Soup version 0.29-a0-819-g94b489e0ae (webtiles) character file.

Game seed: 4286737294225939484

2642 ytrimaz the Protected (level 9, -1/74 HPs)
             Began as a Demonspawn Gladiator on July 7, 2022.
             Was an Initiate of Okawaru.
             Slain by a gnoll
             ... wielding a +0 halberd
             ... led by a gnoll sergeant
              (9 damage)
             ... on level 6 of the Dungeon.
             The game lasted 00:11:46 (9312 turns).

ytrimaz the Protected (Demonspawn Gladiator)        Turns: 9312, Time: 00:11:46

Health: -1/74      AC:  9    Str: 17    XL:     9   Next: 35%
Magic:  9/9        EV: 15    Int: 12    God:    Okawaru [......]
Gold:   144        SH:  0    Dex: 25    Spells: 8/8 levels left

rFire   . . .      SeeInvis .   a - +1 rapier (elec)
rCold   + . .      Faith    .   (no shield)
rNeg    . . .      Spirit   .   o - +1 scale mail of the Ageless Souls {Int+2 Dex+9}
rPois   .          Reflect  .   (helmet restricted)
rElec   .          Harm     .   (no cloak)
rCorr   .          Rampage  .   (no gloves)
Will    .....                   (no boots)
Stlth   +.........              i - amulet of the acrobat
HPRegen 0.22/turn               k - ring of protection from cold
MPRegen 0.11/turn               b - +4 ring of evasion

@: no status effects
A: antennae 1, (demonic guardian 1)
a: Renounce Religion


You were on level 6 of the Dungeon.
You worshipped Okawaru.
Okawaru was noncommittal.
You visited 2 branches of the dungeon, and saw 7 of its levels.
You also visited: Sewer and Ossuary.

You collected 414 gold pieces.
You spent 270 gold pieces at shops.

Inventory:

Hand Weapons
 a - a +1 rapier of electrocution (weapon)
Missiles
 d - 6 throwing nets
 e - a javelin (quivered)
Armour
 o - the +1 scale mail of the Ageless Souls (worn) {Int+2 Dex+9}
   (You bought it in a shop on level 2 of the Dungeon)

   Int:       It affects your intelligence (+2).
   Dex:       It affects your dexterity (+9).
Jewellery
 b - a +4 ring of evasion (right hand)
 i - an amulet of the acrobat (around neck)
 k - a ring of protection from cold (left hand)
 w - a ring of resist corrosion
Wands
 p - a wand of paralysis (8)
Scrolls
 l - 3 scrolls of poison
 m - 2 scrolls of summoning
 r - a scroll of fear
 s - a scroll of teleportation
 t - a scroll of identify
 u - a scroll of enchant armour
 v - a scroll of magic mapping
Potions
 c - a potion of heal wounds
 f - a potion of ambrosia
 g - a potion of attraction
 h - 2 potions of mutation
 j - 3 potions of curing
 n - 2 potions of lignification
 q - a potion of resistance
 x - a potion of haste


   Skills:
 + Level 8.0 Fighting
 - Level 2.6 Short Blades
 - Level 1.7 Throwing
 * Level 9.3 Armour
 - Level 2.6 Dodging


You had 8 spell levels left.
You didn't know any spells.
Your spell library contained the following spells:

 Spells                   Type           Power      Damage    Failure   Level
 Freezing Cloud           Conj/Ice/Air   0%         6-21      100%        5
 Polar Vortex             Ice            0%         N/A       100%        9
 Simulacrum               Ice/Necr       Unusable   N/A       N/A         6

Dungeon Overview and Level Annotations

Branches:
Dungeon (6/15)             Temple (1/1) D:5           Sewer (visited)
Ossuary (visited)

Altars:
Ashenzari
Cheibriados
Dithmenos
Fedhas
Gozag
Hepliaklqana
Makhleb
Nemelex Xobeh
Okawaru
Qazlal
Ru
Sif Muna
Trog
Vehumet
Wu Jian
Xom
Yredelemnul

Shops:
D:1 [   D:2 [!!   D:4 (

Annotations:
D:4 3 runed translucent doors, chrisa4242's ghost, weakling OpDe


Innate Abilities, Weirdness & Mutations

You have a pair of small antennae on your head.
((A weak demonic guardian rushes to your aid.))


Message History

You punch the gnoll sergeant, but do no damage.
The gnoll sergeant is heavily wounded.
The gnoll sergeant hits you with a +1 vampiric spear.
You puncture the gnoll sergeant!
The gnoll sergeant is severely wounded.
The gnoll sergeant closely misses you.
You barely miss the gnoll sergeant.
The gnoll sergeant is severely wounded.
The gnoll sergeant barely misses you. x2
You hit the gnoll sergeant.
Lightning courses through the gnoll sergeant!!
You kill the gnoll sergeant!
Okawaru accepts your kill.
You hit the gnoll.
The gnoll is moderately wounded.
The gnoll misses you.
The gnoll hits you from afar with a +0 halberd!
* * * LOW HITPOINT WARNING * * *
Unknown command.
You puncture the gnoll!
You kill the gnoll!
Okawaru accepts your kill. The gnoll hits you but does no damage.
Unknown command.
You puncture the gnoll!
The gnoll is severely wounded.
The gnoll hits you with a +0 whip.
* * * LOW HITPOINT WARNING * * *
The gnoll hits you but does no damage.
You hit the gnoll.
You kill the gnoll!
Okawaru accepts your kill.
The gnoll hits you from afar with a +0 halberd!
* * * LOW HITPOINT WARNING * * *
The gnoll misses you.
Items here: ))) [ †.
Unknown command.
You barely miss the gnoll. The gnoll misses you.
You barely miss the gnoll. The gnoll hits you with a +0 halberd!
You die...

............##..#
######...
...._.......##..## ###.
_...###.(......# #. ..##
####.###.#### #. #. #.#
#....# #. #.###.##.# #.
#........# #.
####.#####..# ##
#g@)........#######
.......##.####..........
####### #.####.#####.##.
#......# #.#.. ######.#
#.... #.# #<##.
#.#####.##. #.....[....
##.....####


You could see a gnoll.

Vanquished Creatures
  Sigmund (D:5)
  A water moccasin (D:6)
  A hornet zombie (D:6)
  An ice beast (D:5)
  2 black bears (D:5)
  An ogre (D:5)
  A centaur (D:6)
  2 phantoms
  3 kobold brigands
  A necrophage (D:5)
  2 scorpions (D:4)
  3 gnoll sergeants
  4 wights (D:5)
  A water moccasin zombie (D:6)
  A howler monkey (D:3)
  3 centaur zombies
  A human zombie (Ossuary)
  A bullfrog zombie (D:6)
  5 hounds
  2 iguanas
  2 orc wizards
  A howler monkey zombie (D:6)
  2 mummies (Ossuary)
  11 gnolls
  11 adders
  3 river rats (Sewer)
  A shadow imp (D:6)
  An adder zombie (Ossuary)
  7 orcs
  7 endoplasms
  4 giant cockroaches
  4 goblins
  5 hobgoblins
  A jackal (Sewer)
  11 kobolds
  6 quokkas
  14 ball pythons
  4 bats
  4 frilled lizards
  A goblin zombie (Ossuary)
  7 hobgoblin zombies (Ossuary)
  A jackal zombie (Ossuary)
  14 kobold zombies (Ossuary)
  8 orc zombies (Ossuary)
  9 rats
  A rat zombie (Ossuary)
177 creatures vanquished.

Vanquished Creatures (collateral kills)
  2 gnolls
  An ufetubus (D:6)
  An adder zombie (Ossuary)
  A dart slug (D:2)
  A ball python (D:2)
  A frilled lizard (Sewer)
7 creatures vanquished.

Vanquished Creatures (others)
  25 plants
25 creatures vanquished.

Grand Total: 209 creatures vanquished

Notes
Turn   | Place    | Note
-------+----------+-------------------------------------------
     0 | D:1      | ytrimaz the Demonspawn Gladiator began the quest for the
                  | Orb.
     0 | D:1      | Reached XP level 1. HP: 16/16 MP: 1/1
   467 | D:1      | Reached skill level 1 in Armour
   583 | D:1      | Gained mutation: A weak demonic guardian rushes to your
                  | aid. [demonic ancestry]
   583 | D:1      | Reached XP level 2. HP: 20/22 MP: 2/2
   829 | D:1      | Found a faded altar of an unknown god.
   986 | D:1      | Found Wenaop's Armour Emporium.
  1297 | D:2      | Found Adoepp's Weapon Emporium.
  1301 | D:2      | Reached skill level 2 in Armour
  1301 | D:2      | Gained mutation: You have a pair of small antennae on your
                  | head. [demonic ancestry]
  1301 | D:2      | Reached XP level 3. HP: 24/28 MP: 3/3
  1305 | D:2      | Found Humom's Antique Armour Shop.
  1447 | D:2      | Found Limpebb's Distillery.
  1477 | D:2      | Found Pymuz's Distillery.
  1629 | D:2      | Found an ornate altar of the Wu Jian Council.
  2331 | D:3      | Reached XP level 4. HP: 34/34 MP: 4/4
  2365 | D:3      | Reached skill level 3 in Armour
  2569 | D:3      | Found a faded altar of an unknown god.
  2878 | D:4      | Noticed a gnoll sergeant
  2962 | D:4      | Killed a gnoll sergeant
  2963 | D:4      | Reached XP level 5. HP: 41/41 MP: 5/5
  2964 | D:4      | Reached skill level 4 in Armour
  3049 | D:4      | Reached XP level 6. HP: 46/48 MP: 6/6
  3159 | D:4      | Found a runed translucent gate.
  3159 | D:4      | Found a runed translucent gate.
  3160 | D:4      | Found a runed translucent gate.
  3163 | D:4      | Reached skill level 5 in Armour
  3414 | D:4      | Found Anusod's Weapon Boutique.
  3504 | D:4      | Gained mutation: You are dopey. (Int -2) [potion of
                  | mutation]
  3504 | D:4      | Lost mutation: You are dopey. (Int -2) [potion of mutation]
  3938 | D:4      | Reached XP level 7. HP: 44/55 MP: 7/7
  4209 | D:4      | Noticed chrisa4242's ghost (weakling OpDe)
  4265 | D:5      | Entered Level 5 of the Dungeon
  4423 | D:5      | Noticed Sigmund
  4430 | D:5      | Killed Sigmund
  4431 | D:5      | Reached skill level 6 in Armour
  4440 | D:5      | Found a sand-covered staircase.
  4447 | D:5      | Reached skill level 5 in Fighting
  4455 | Ossuary  | Entered an ossuary
  5161 | D:5      | Reached XP level 8. HP: 39/63 MP: 8/8
  5353 | D:5      | Reached skill level 7 in Armour
  5590 | D:2      | Bought a pitted scale mail for 270 gold pieces
  5590 | D:2      | Identified the +1 scale mail of the Ageless Souls {Int+2
                  | Dex+9} (You bought it in a shop on level 2 of the Dungeon)
  6165 | D:5      | Found a staircase to the Ecumenical Temple.
  6917 | D:5      | Found a shimmering altar of Xom.
  6976 | D:5      | You fall into a shaft and drop 1 floor!
  7010 | D:6      | Found a glowing drain.
  7015 | Sewer    | Entered a sewer
  7036 | Sewer    | Reached skill level 8 in Armour
  7971 | D:6      | Reached XP level 9. HP: 66/72 MP: 9/9
  7971 | D:6      | Found a basalt altar of Yredelemnul.
  8242 | D:6      | Found a stormy altar of Qazlal.
  8242 | D:6      | Found a broken altar of Ashenzari.
  8250 | D:6      | Found a burning altar of Makhleb.
  8250 | D:6      | Found a snail-covered altar of Cheibriados.
  8505 | Temple   | Entered the Ecumenical Temple
  8704 | Temple   | Became a worshipper of Warmaster Okawaru
  8896 | D:6      | Reached skill level 9 in Armour
  9312 | D:6      | Slain by a gnoll

Illustrated notes

Levels and vault maps discovered:
D:1:      lemuel_arrival_room, layout_loops_cross,
          ebering_ecumenical_altar_sacrificial, serial_shops, shop
D:2:      layout_basic, basic_altar, serial_shops, shop, nicolae_diamond_shop,
          nicolae_shop_bloodbath_and_beyond, nicolae_shop_stone
D:3:      layout_basic, nicolae_overflow_ecumenical_swirl
D:4:      kennysheep_six_static_rooms, layout_loops_cross, gammafunk_ghost_icy,
          serial_shops, shop, minmay_misc_feat_x,
          amcnicky_mini_rare_corridor_liquid, nicolae_grassy_gnolls
D:5:      kb_forest_paths, layout_basic, mainiacjoe_overflow_six_doors_small,
          minmay_temple_entry_overgrown, chequers_ossuary_entry_cave,
          uniq_sigmund
D:6:      layout_loops_cross, nicolae_yredelemnul_corpse_copse,
          grunt_temple_overflow_open, portal_sewer_entry_e
Temple:   nicolae_temple_slightly_damp_pantheon

Skill      XL: |  1  2  3  4  5  6  7  8  9 |
---------------+----------------------------+-----
Armour         | 1 2 3 4 5 6 8 9 |  9.3
Fighting       | 3 4 5 7 8 |  8.0
Short Blades   | |  2.6
Throwing       | |  1.7
Dodging        | |  2.6

Action                   |  1- 3 |  4- 6 |  7- 9 || total
-------------------------+-------+-------+-------++-------
Melee: Rapier            |   101 |   112 |   399 ||   612
       Punch             |     2 |     1 |     9 ||    12
Throw: Javelin           |       |     1 |       ||     1
  Use: Scroll            |     8 |     4 |     5 ||    17
       Potion            |       |    11 |       ||    11
 Stab: Sleeping          |       |     2 |       ||     2
       Invisible         |       |     1 |       ||     1
       Distracted        |       |     1 |       ||     1
Armor: Leather armour    |    23 |    18 |    63 ||   104
       Skin              |       |    27 |       ||    27
       Scale mail        |       |       |    77 ||    77
Dodge: Dodged            |    72 |    93 |   350 ||   515

Table legend: (Time is in decaauts)
 A = Elapsed time spent in this place.
 B = Non-inter-level travel time spent in this place.
 C = Inter-level travel time spent in this place.
 D = Time resting spent in this place.
 E = Time spent auto-exploring this place.
 F = Levels seen in this place.
 G = Mean time per level.
                   A        B        C        D        E       F      G
               +--------+--------+--------+--------+--------+-----+--------+
         Total |   9509 |   8633 |    876 |   1269 |   5443 |   9 | 1056.6 |
       Dungeon |   7605 |   6743 |    862 |    895 |   4567 |   6 | 1267.5 |
        Temple |    209 |    195 |     14 |      0 |    154 |   1 |  209.0 |
         Sewer |   1040 |   1040 |      0 |      0 |    657 |   1 | 1040.0 |
       Ossuary |    654 |    654 |      0 |    374 |     65 |   1 |  654.0 |
               +--------+--------+--------+--------+--------+-----+--------+

Top non-repeatable levels by time:
     D:5: 1914 daAuts
     D:4: 1419 daAuts
     D:1: 1243 daAuts
     D:6: 1049 daAuts
   Sewer: 1040 daAuts
     D:3: 1035 daAuts
     D:2: 942 daAuts
 Ossuary: 654 daAuts
  Temple: 209 daAuts
